[Event "*** Titled Tuesday Blitz"]
[Site "Chess.com"]
[Date "2021.02.09"]
[Round "4"]
[White "Darius321"]
[Black "niki_2003"]
[Result "1-0"]
[WhiteElo "2270"]
[BlackElo "2053"]
[TimeControl "180+1"]
[EndTime "10:39:27 PST"]
[Termination "Darius321 won by checkmate"]

1. e4 c5 2. Nf3 d6 3. Bb5+ Bd7 4. Bxd7+ Qxd7 5. O-O Nf6 6. Re1 Nc6 7. c3 e5 8. d4 Be7 9. Bg5 cxd4 10. cxd4 Rd8 11. Nc3 O-O 12. h3 h6 13. Be3 a6 14. Qd2 Na5 15. dxe5 Nc4 16. Qe2 Nxe5 17. Nd4 b5 18.
Nf5 Rfe8 19. Rad1 b4 20. Nxe7+ Qxe7 21. Nd5 Nxd5 22. Rxd5 Qb7 23. Red1 Ng6 24. Qd3 Ne5 25. Qd4 Nc6 26. Qd2 Rxe4 27. Rxd6 Ree8 28. Qc2 Rxd6 29. Rxd6 Rc8 30. Qe4 a5 31. Qg4 Kh8 32. Bxh6 f6 33. Rd7 Ne5 34. Qxg7# 1-0

[Event "*** Titled Tuesday Blitz"]
[Site "Chess.com"]
[Date "2021.02.09"]
[Round "4"]
[White "vinniethepooh"]
[Black "vladimirdamjanovic"]
[Result "1-0"]
[WhiteElo "2749"]
[BlackElo "2516"]
[TimeControl "180+1"]
[EndTime "10:39:28 PST"]
[Termination "vinniethepooh won on time"]

1. d4 Nc6 2. c4 e5 3. d5 Bb4+ 4. Bd2 Bxd2+ 5. Qxd2 Nce7 6. Nc3 d6 7. h4 Nf6 8. g3 O-O 9. Bg2 Bg4 10. f3 Bd7 11.
Nh3 Nf5 12. Kf2 Nh5 13. Ne4 Nhxg3 14. Nxg3 Qxh4 15. Qg5 Qd4+ 16. Ke1 Nxg3 17. Qxg3 Qxb2 18. Rd1 Qc3+ 19. Kf1 Qc2 20. Re1 Qxc4 21. Ng5 f6 22. Nxh7 Rf7 23. Qh2 Qxd5 24. Ng5 Kf8 25. Qh8+ Ke7 26.
Qxa8 fxg5 27. Qxa7 g4 28. Qe3 Bc6 29. Qg5+ Ke6 30.
Qxg4+ Ke7 31. Qg5+ Kd7 32. Bh3+ Ke8 33. Bg4 1-0

[Event "*** Titled Tuesday Blitz"]
[Site "Chess.com"]
[Date "2021.02.09"]
[Round "4"]
[White "IljaJoke"]
[Black "AniJak"]
[Result "1/2-1/2"]
[WhiteElo "2508"]
[BlackElo "2329"]
[TimeControl "180+1"]
[EndTime "10:39:28 PST"]
[Termination "Game drawn by repetition"]

1. e4 c5 2. Nf3 e6 3. d4 cxd4 4. Nxd4 a6 5. g3 b5 6. Bg2 Bb7 7. O-O d6 8. Nc3 Nf6 9. Re1 Nbd7 10. a4 b4 11. Nd5 exd5 12. exd5+ Be7 13. Nf5 Ne5 14.
Nxg7+ Kd7 15. Nf5 Re8 16. Rxe5 dxe5 17. d6 Kc8 18. Bxb7+ Kxb7 19. Bg5 Bf8 20. Bxf6 Qxf6 21. Qd5+ Kb8 22. Qc6 Qd8 23. a5 Ra7 24. Ra4 Rb7 25.
c3 Re6 26. Rxb4 Rxb4 27. cxb4 Bxd6 28. b5 Bc7 29. Qc4 Qd1+ 30. Kg2 e4 31. Nd4 Rd6 32. b6 Bxb6 33. axb6 Rxb6 34. Nc6+ Rxc6 35. Qxc6 Qf3+ 36. Kg1 Qd1+ 37. Kg2 Qf3+ 38. Kh3 Qh5+ 39. Kg2 Qf3+ 1/2-1/2

[Event "*** Titled Tuesday Blitz"]
[Site "Chess.com"]
[Date "2021.02.09"]
[Round "4"]
[White "SergeiAza"]
[Black "crazy_but_lazy"]
[Result "1-0"]
[WhiteElo "2757"]
[BlackElo "2517"]
[TimeControl "180+1"]
[EndTime "10:39:29 PST"]
[Termination "SergeiAza won by checkmate"]

1. e4 e6 2. d4 d5 3. Nd2 h6 4. Ngf3 Nf6 5. e5 Nfd7 6. c4 dxc4 7.
Bxc4 Nb6 8. Bd3 Bd7 9. O-O Bc6 10. Ne4 N8d7 11. Qe2 Be7 12. Bd2 Bxe4 13. Qxe4 Nd5 14. Rfe1 N7b6 15. Qg4 g5 16. Qh5 Qd7 17. Nxg5 Rf8 18.
Ne4 O-O-O 19. a4 f5 20. Nc5 Bxc5 21. dxc5 Nxa4 22. Bc2 Nxc5 23. Rxa7 Nb6 24. Be3 Qd5 25. Ra5 f4 26. Bxc5 Rg8 27. Be4 Qd2 28. Rea1 Rg5 29. Qf3 Nd5 30. Ra8+ Kd7 31. Rxd8+ Kxd8 32. Rd1 Qa5 33.
Bxd5 Qxc5 34. Bxe6+ Ke7 35. Qxf4 Kxe6 36. Qf6# 1-0

[Event "*** Titled Tuesday Blitz"]
[Site "Chess.com"]
[Date "2021.02.09"]
[Round "4"]
[White "SilviusTiberius"]
[Black "olksuna"]
[Result "1-0"]
[WhiteElo "2510"]
[BlackElo "2686"]
[TimeControl "180+1"]
[EndTime "10:39:29 PST"]
[Termination "SilviusTiberius won by resignation"]

1. e4 c5 2. Nf3 e6 3. d4 cxd4 4. Nxd4 a6 5. Bd3 Bc5 6. Nb3 Ba7 7. Qe2 Nc6 8. Be3 d6 9. c4 Nf6 10. Nc3 O-O 11. O-O e5 12. Bxa7 Rxa7 13. h3 h6 14. Rfd1 Qc7 15. Qe3 Ra8 16. Bf1 Be6 17. Rd2 Rfd8 18.
Rad1 Ne7 19. Nd5 Bxd5 20. cxd5 Rac8 21. Rc1 Qb8 22. Rdc2 Rxc2 23. Rxc2 Rc8 24. Qd3 Rc7 25. Nd2 Nd7 26. b4 Nb6 27. Qb3 Qc8 28. Bd3 Rxc2 29.
Qxc2 Qxc2 30. Bxc2 f5 31. f3 f4 32. Nb3 Nc4 33.
Bd3 Ne3 34. Na5 b5 35. Nc6 Nc8 36. Nb8 Nd1 37. Nxa6 Nc3 38. a3 Kf8 39. Nc7 Na7 40.
Kf2 Ke7 41. Ke1 Kd7 42. Kd2 Nxe4+ 43. fxe4 Kxc7 44. Ke2 Kb6 45. Kf3 Nc8 46. Kg4 Ne7 47. Kh5 Ka6 48. a4 Kb6 49. Bxb5 Ng8 50. Kg6 Nf6 51. Bd3 Kc7 52. Kxg7 Nh5+ 53. Kxh6 Ng3 54. h4 Kb6 55. Kg5 f3 56. gxf3 1-0

[Event "*** Titled Tuesday Blitz"]
[Site "Chess.com"]
[Date "2021.02.09"]
[Round "4"]
[White "dukicz123"]
[Black "garicradomir"]
[Result "0-1"]
[WhiteElo "2548"]
[BlackElo "2227"]
[TimeControl "180+1"]
[EndTime "10:39:29 PST"]
[Termination "garicradomir won by checkmate"]

1. e4 g6 2. d4 Nf6 3. Nc3 d5 4. e5 Ne4 5. Nxe4 dxe4 6. Bc4 Bg7 7. Ne2 Bg4 8. c3 O-O 9. h3 Bd7 10. Ng3 c5 11. Nxe4 cxd4 12. cxd4 Nc6 13. Be3 Nb4 14. O-O Bc6 15. Nc3 Nd5 16. Qb3 Nxe3 17. fxe3 e6 18. Rf2 Bh6 19. Re1 Rc8 20. Ne2 Qh4 21. Nf4 Bxf4 22. exf4 Rfd8 23. Rd1 b6 24. Ba6 Rc7 25. Qe3 Rcd7 26. Be2 Qe7 27. Bf3 Bxf3 28. Rxf3 Qb4 29. Qc3 Qa4 30. Rfd3 Qxa2 31. Kh2 Rd5 32. Qc7 Qa6 33. R3d2 Rc8 34. Qe7 Rcd8 35. h4 h5 36. g4 Qa4 37. gxh5 Rxd4 38. Rxd4 Rxd4 39. Rg1 Rd2+ 40.
Kh3 Qxf4 41. Qe8+ Kg7 42. h6+ Kh7 43. Qf8 Rh2# 0-1

[Event "*** Titled Tuesday Blitz"]
[Site "Chess.com"]
[Date "2021.02.09"]
[Round "4"]
[White "dosto07"]
[Black "DonPreuss"]
[Result "0-1"]
[WhiteElo "2408"]
[BlackElo "2236"]
[TimeControl "180+1"]
[EndTime "10:39:29 PST"]
[Termination "DonPreuss won on time"]

1. e4 Nc6 2. Nf3 e5 3. Bb5 Bc5 4.
O-O d6 5. c3 Bg4 6. d4 exd4 7.
cxd4 Bxf3 8. gxf3 Bb6 9. d5 Ne7 10. Nc3 Qd7 11. dxc6 bxc6 12. Be2 Qh3 13. Na4 Ng6 14.
Qc2 O-O 15. Bg5 h6 16. Qd2 f5 17. Nxb6 f4 18. Kh1 axb6 19. Qc3 hxg5 20. Rg1 Ne5 21. Rxg5 Rf6 22. Rag1 g6 23. R1g2 Kg7 24. Kg1 Rh8 25. Kf1 Rd8 26. Ke1 c5 27. Qd2 Rb8 28. Qc3 b5 29.
Kd1 b4 30. Qd2 Qh8 31. Kc1 Qe8 32. Kb1 Qa4 33. Qc2 b3 34. axb3 Rxb3 0-1

[Event "*** Titled Tuesday Blitz"]
[Site "Chess.com"]
[Date "2021.02.09"]
[Round "4"]
[White "Supernotar"]
[Black "Angel_Hranitel_37"]
[Result "1-0"]
[WhiteElo "2793"]
[BlackElo "2470"]
[TimeControl "180+1"]
[EndTime "10:39:30 PST"]
[Termination "Supernotar won by checkmate"]

1. d4 Nf6 2. c4 g6 3. Nc3 Bg7 4.
e4 d6 5. Be2 O-O 6. Nf3 e5 7.
O-O Bg4 8. d5 a5 9. Ne1 Bd7 10.
Be3 Na6 11. Nd3 b6 12. b3 Nc5 13. f3 Nh5 14. Rb1 f5 15. a3 Nf4 16. b4 Ncxd3 17. Bxd3 fxe4 18. Bxe4 axb4 19. axb4 Ra3 20. Rb3 Qa8 21.
g3 Nh3+ 22. Kg2 h5 23. Bxg6 h4 24. Bc2 e4 25. Nxe4 Ra1 26. Rb1 Ra2 27. Qd3 Qa4 28. Rfc1 Ra8 29. Kh1 Qa3 30. Nf6+ Bxf6 31. Qh7+ Kf8 32.
Bh6+ Ke8 33. Bg6+ Kd8 34. Qg8+ Ke7 35. Qf7+ Kd8 36. Qf8+ Be8 37. Qxe8# 1-0

[Event "*** Titled Tuesday Blitz"]
[Site "Chess.com"]
[Date "2021.02.09"]
[Round "4"]
[White "SharapovEvgeny"]
[Black "XDPS"]
[Result "0-1"]
[WhiteElo "2458"]
[BlackElo "2736"]
[TimeControl "180+1"]
[EndTime "10:39:30 PST"]
[Termination "XDPS won by resignation"]

1. c4 c6 2. Nc3 d5 3. cxd5 cxd5 4. d4 Nc6 5. Nf3 Nf6 6. Bf4 Ne4 7. Qb3 Nxc3 8.
bxc3 e6 9. e3 Bd6 10. Bxd6 Qxd6 11. Bd3 O-O 12. O-O b6 13. c4 dxc4 14. Qxc4 Bb7 15.
Rfc1 Rac8 16. Qb3 Na5 17. Qb2 Bxf3 18. gxf3 e5 19. Bf5 Rxc1+ 20. Rxc1 exd4 21. Qxd4 Qxd4 22. exd4 g6 23. Be4 Rd8 24. Rc7 Rxd4 25. Rxa7 Kg7 26.
Ra6 Rd6 27. Bc2 Nc4 28. Bb3 Nd2 29. Kg2 h5 30. Ra7 Nxb3 31. axb3 Rd3 32. Ra3 b5 33.
Kg3 b4 34. Ra7 Rxb3 35. Rb7 Rb1 36. h4 b3 37. f4 Kf6 38. Kg2 Ke6 39. Kh2 Kd5 40.
Rxf7 Kc4 41. f5 gxf5 42. Rxf5 Rd1 43. Rf8 b2 44. Rc8+ Kd3 45. Rd8+ Ke2 46. Rb8 b1=Q 0-1

[Event "*** Titled Tuesday Blitz"]
[Site "Chess.com"]
[Date "2021.02.09"]
[Round "4"]
[White "Sergey85Rodchenkov"]
[Black "VFernandezB"]
[Result "0-1"]
[WhiteElo "2478"]
[BlackElo "2314"]
[TimeControl "180+1"]
[EndTime "10:39:30 PST"]
[Termination "VFernandezB won by resignation"]

1. e4 c5 2. Nf3 d6 3. d4 cxd4 4.
Nxd4 Nf6 5. Nc3 a6 6. Bc4 e6 7.
Bb3 b5 8. O-O Be7 9. f4 O-O 10.
e5 dxe5 11. fxe5 Nfd7 12. Be3 Nxe5 13. Qh5 Nbc6 14. Nxc6 Nxc6 15. Rf3 g6 16. Qh6 e5 17. Raf1 Be6 18. Bxe6 fxe6 19. Ne4 Nd4 20. Rxf8+ Bxf8 21. Qh3 Nf5 22. Bf2 Be7 23. g4 Nd6 24. Qf3 Qf8 25.
Qe2 Qf4 26. Nc5 Qc4 27. Qxe5 Rf8 28. Qxe6+ Qxe6 29. Nxe6 Rc8 30. c3 Nc4 31. b3 Nd2 32. Rd1 Ne4 33. Bd4 Nxc3 34. Re1 Nd5 35. Kf2 Bh4+ 36. Ke2 Bxe1 37. Kxe1 Re8 0-1

[Event "*** Titled Tuesday Blitz"]
[Site "Chess.com"]
[Date "2021.02.09"]
[Round "4"]
[White "aa175"]
[Black "FrenchMonster2002"]
[Result "1-0"]
[WhiteElo "2603"]
[BlackElo "2388"]
[TimeControl "180+1"]
[EndTime "10:39:31 PST"]
[Termination "aa175 won on time"]

1. d4 Nf6 2. Nf3 g6 3. Bf4 Bg7 4. e3 O-O 5. Be2 c5 6. O-O b6 7. Nbd2 d6 8. c3 Bb7 9. a4 a6 10. h3 Nbd7 11. Re1 Ra7 12. Nc4 Qa8 13. Qb3 Bd5 14.
Qd1 b5 15. axb5 axb5 16. Rxa7 Qxa7 17. Na3 b4 18. Nc4 bxc3 19. bxc3 Ne4 20. Qc2 Ra8 21. Bd3 Ndf6 22. Rb1 h6 23. Nb6 Ba2 24. Bxe4 Bxb1 25. Qxb1 Rb8 26. dxc5 e5 27. Nxe5 dxe5 28. Bxe5 Re8 29.
Bxf6 Bxf6 30. Bxg6 Bxc3 31. Bh7+ Kg7 32. Bf5 Qa5 33. Nd7 Qc7 34. Qd1 Ra8 35. Qg4+ Kh8 36.
g3 Bg7 37. Be4 Rd8 38. Qf5 1-0

[Event "*** Titled Tuesday Blitz"]
[Site "Chess.com"]
[Date "2021.02.09"]
[Round "4"]
[White "Unknown_IM"]
[Black "volunteers1998"]
[Result "0-1"]
[WhiteElo "2357"]
[BlackElo "2066"]
[TimeControl "180+1"]
[EndTime "10:39:31 PST"]
[Termination "volunteers1998 won by resignation"]

1. e4 c5 2. Nf3 Nc6 3. Bb5 d6 4.
Bxc6+ bxc6 5. O-O g6 6. Re1 Bg7 7. e5 d5 8. c3 Bg4 9. d4 cxd4 10. cxd4 e6 11. h3 Bxf3 12. Qxf3 Ne7 13. Nc3 O-O 14.
Bg5 h6 15. Bf6 Bxf6 16. Qxf6 Nf5 17. Qxd8 Rfxd8 18. Red1 Rab8 19. b3 Rdc8 20. Rac1 c5 21. dxc5 Rxc5 22. Ne4 Rxc1 23. Nf6+ Kg7 24. Rxc1 Nd4 25.
Rc7 a5 26. Ra7 Nc6 27. Nd7 Nxa7 28. Nxb8 f6 29. Nd7 fxe5 30. Nxe5 Kf6 31. f4 g5 32. Ng4+ Kg6 33. fxg5 hxg5 34. Kf2 Nc6 35. Ke3 e5 36. a3 Kf5 37. Nh6+ Kg6 38. Ng4 Kf5 39. Nf2 d4+ 40.
Kf3 Ne7 41. g4+ Ke6 42. Ke4 Ng8 43. Kd3 Nf6 44. Ne4 Nxe4 45. Kxe4 Kd6 46. b4 axb4 47. axb4 Kc6 48. h4 gxh4 49. g5 h3 50. Kf3 d3 51. g6 h2 52. Kg2 d2 53. g7 h1=Q+ 54.
Kxh1 d1=Q+ 55. Kh2 Qh5+ 0-1

[Event "*** Titled Tuesday Blitz"]
[Site "Chess.com"]
[Date "2021.02.09"]
[Round "4"]
[White "djano"]
[Black "Fusikk"]
[Result "0-1"]
[WhiteElo "2473"]
[BlackElo "2639"]
[TimeControl "180+1"]
[EndTime "10:39:32 PST"]
[Termination "Fusikk won by resignation"]

1. Nf3 d5 2. d4 Nf6 3. Bf4 e6 4. e3 Bd6 5. Bg3 c5 6. c3 Qc7 7. Nbd2 Nbd7 8. Bd3 b6 9. Qe2 Bb7 10. e4 Bxg3 11. hxg3 dxe4 12. Nxe4 Rc8 13. Nxf6+ Nxf6 14.
Bb5+ Ke7 15. dxc5 Qxc5 16. O-O Ne4 17. Nd4 e5 18. Bd3 Nd6 19. Rae1 f6 20. Qg4 Kf7 21. Qe6+ Kf8 22. Qd7 exd4 23. Qe7+ Kg8 24. Qe6+ Nf7 25. Qe8+ Rxe8 26. Rxe8+ Qf8 27. Rxf8+ Kxf8 28. cxd4 Ke7 29. Rc1 Kd6 30. Bc4 Ng5 31. f3 Rc8 32. Rc3 Bd5 33.
b3 b5 34. f4 Nf7 0-1

[Event "*** Titled Tuesday Blitz"]
[Site "Chess.com"]
[Date "2021.02.09"]
[Round "4"]
[White "erlesfar"]
[Black "KarateBaby"]
[Result "1-0"]
[WhiteElo "2554"]
[BlackElo "2403"]
[TimeControl "180+1"]
[EndTime "10:39:32 PST"]
[Termination "erlesfar won by resignation"]

1. e4 c5 2. d4 cxd4 3. c3 dxc3 4. Nxc3 Nc6 5. Nf3 e6 6. Bc4 d6 7. O-O Be7 8. Qe2 Bd7 9. Rd1 a6 10. Bf4 e5 11. Bg3 Nf6 12. h3 O-O 13. Rd2 Rc8 14.
Rad1 b5 15. Bb3 Be6 16. Nxe5 Bxb3 17. axb3 Qc7 18. Nxc6 Qxc6 19. Nd5 Nxd5 20. Rxd5 Rfd8 21. Qg4 h6 22. Bxd6 Bxd6 23. Rxd6 Rxd6 24. Rxd6 Qxd6 25.
Qxc8+ Kh7 26. Qf5+ g6 27. Qxf7+ Kh8 28. Qd5 Qf6 29.
e5 Qf4 30. g3 Qc1+ 31. Kg2 Qxb2 32. e6 Qf6 33. Qd7 Qf5 34. Qd8+ Kg7 35. e7 Qe4+ 36. Kf1 Qb1+ 37. Ke2 Qc2+ 38. Ke3 Qxb3+ 39. Kd4 Qc4+ 40.
Ke5 Qc5+ 41. Ke6 Qc4+ 42. Kd7 Qd5+ 43. Kc7 Qc5+ 44. Kb7 b4 45. e8=Q 1-0

[Event "*** Titled Tuesday Blitz"]
[Site "Chess.com"]
[Date "2021.02.09"]
[Round "4"]
[White "DrVelja"]
[Black "Jospem"]
[Result "0-1"]
[WhiteElo "2829"]
[BlackElo "3050"]
[TimeControl "180+1"]
[EndTime "10:39:33 PST"]
[Termination "Jospem won by resignation"]

1. e4 e5 2. Nf3 Nc6 3. Bb5 a6 4. Ba4 Nf6 5. O-O Nxe4 6. d4 Be7 7. Re1 b5 8. Rxe4 d5 9. Nxe5 Nxe5 10. Rxe5 bxa4 11. b3 O-O 12. Ba3 Bxa3 13. Nxa3 Re8 14. Rxe8+ Qxe8 15. Nb1 Qc6 16. Qd2 Bf5 17. Nc3 a3 18. Re1 f6 19. h3 h5 20. Re2 Kh7 21.
Na4 Re8 22. Nc5 a5 23. c3 Qb5 24. Re3 Rxe3 25. Qxe3 Bb1 26. Qd2 Qe8 27. Qc1 Bf5 28. Qd1 h4 29. Kh2 Qg6 30. Qc1 Qh5 31. Qxa3 Qe2 32.
Qxa5 Qxf2 33. Qxc7 Be4 34. Nxe4 dxe4 35. Qe7 e3 36.
Qe8 Kh6 37. Qh8+ Kg6 38. Qe8+ Kg5 39. Qb5+ Kh6 40. Qe8 e2 0-1

[Event "*** Titled Tuesday Blitz"]
[Site "Chess.com"]
[Date "2021.02.09"]
[Round "4"]
[White "ecwinslow"]
[Black "lelajavakhishvili"]
[Result "0-1"]
[WhiteElo "2262"]
[BlackElo "2494"]
[TimeControl "180+1"]
[EndTime "10:39:33 PST"]
[Termination "lelajavakhishvili won on time"]

1. e4 c5 2. Nf3 e6 3. d4 cxd4 4. Nxd4 a6 5. Nc3 b5 6. Bd3 Bc5 7.
Nb3 Be7 8. a4 b4 9. Nb1 Nc6 10.
Bf4 Nf6 11. N1d2 O-O 12. O-O d6 13. Bg3 e5 14. a5 Be6 15. Qe2 Qc8 16. f4 exf4 17.
Bxf4 Nd7 18. Nc4 Nde5 19. Nb6 Qb7 20. Nxa8 Rxa8 21. Be3 Nxd3 22. Qxd3 Ne5 23. Qd1 Rc8 24. Nd4 Bc4 25. Rf2 Qxe4 26. Nf5 Bf8 27. Qd4 Bd5 28.
Rd1 Ba8 29. Qxe4 Bxe4 30. Nxd6 Rd8 31. Rfd2 Bg6 32. Bb6 Rd7 33. c4 bxc3 34. bxc3 Bh5 35. Re1 Rxd6 36. Rxd6 Bxd6 37. Re4 f5 38. Rd4 Bf8 39.
Rd8 Kf7 40. Ra8 Be2 41. Kf2 Bb5 42. Ra7+ Kg6 43. Bd4 Nf7 44. Ke3 Bd6 45. h3 h5 46.
Bb6 Ne5 47. Kd4 Nc6+ 48. Kd5 Nxa7 49. Kxd6 Nc6 50. c4 Ba4 51. Ke6 f4 0-1

[Event "*** Titled Tuesday Blitz"]
[Site "Chess.com"]
[Date "2021.02.09"]
[Round "4"]
[White "Sokoloco"]
[Black "suyu28"]
[Result "0-1"]
[WhiteElo "2473"]
[BlackElo "2648"]
[TimeControl "180+1"]
[EndTime "10:39:34 PST"]
[Termination "suyu28 won by checkmate"]

1. b3 d5 2. Bb2 Bf5 3. e3 e6 4. f4 Nf6 5. Nf3 Nbd7 6. Be2 Bd6 7.
O-O O-O 8. d3 Bc5 9. Nd4 Re8 10.
Kh1 Bb6 11. g4 Bg6 12. g5 c5 13. Nf3 Ng4 14. Qd2 e5 15. Nc3 exf4 16. Nxd5 Ba5 17. Bc3 Bxc3 18. Qxc3 Nxe3 19. Nxe3 Rxe3 20. Rf2 Bh5 21.
Raf1 Qc7 22. Bd1 Qc6 23. Kg1 Rae8 24. Nh4 Bxd1 25. Rxd1 Qd5 26. Rg2 f3 27. Rg3 b5 28.
Rf1 b4 29. Qb2 Ne5 30. Qc1 Re2 31. Nxf3 Nxf3+ 32. Rgxf3 Qd4+ 33. Kh1 Qg4 34. Rg3 Qh4 35. Rg2 Rxg2 36. Kxg2 Re2+ 37. Kf3 Qxh2 38. Qf4 Qg2# 0-1

[Event "*** Titled Tuesday Blitz"]
[Site "Chess.com"]
[Date "2021.02.09"]
[Round "4"]
[White "Vincent_Vega95"]
[Black "ukchessbomber"]
[Result "1/2-1/2"]
[WhiteElo "2714"]
[BlackElo "2426"]
[TimeControl "180+1"]
[EndTime "10:39:35 PST"]
[Termination "Game drawn by repetition"]

1. d4 Nf6 2. c4 g6 3. Nc3 Bg7 4. e4 d6 5. Nf3 O-O 6. h3 e5 7. d5 Nh5 8. Nd2 Qe8 9. Be2 Nf4 10. Bf3 f5 11. O-O Nd3 12. Qe2 Nxc1 13. Raxc1 f4 14. c5 dxc5 15. b4 Na6 16. bxc5 Nxc5 17.
Nb5 Na6 18. Nxc7 Nxc7 19. Rxc7 Qd8 20. Rfc1 Qg5 21. Bg4 f3 22. Nxf3 Bxg4 23. hxg4 Qxg4 24. Nd4 Qxe2 25. Nxe2 Rf7 26. Rxf7 Kxf7 27. Rc7+ Kf6 28. Rxb7 Bf8 29. Nc3 Bc5 30. Nb5 Kg5 31. g3 Rf8 32.
Rc7 Bxf2+ 33. Kg2 Bb6 34. Rc2 h5 35. a4 h4 36. d6 hxg3 37. Kxg3 Kf6 38. Nc7 Rd8 39.
Rc6 Kf7 40. Kg4 Rd7 41. Kg3 Kf6 42. Kg4 Kf7 43. Kg5 Be3+ 44. Kg4 Bb6 1/2-1/2

[Event "*** Titled Tuesday Blitz"]
[Site "Chess.com"]
[Date "2021.02.09"]
[Round "4"]
[White "paulrusan"]
[Black "akanga001"]
[Result "1-0"]
[WhiteElo "2232"]
[BlackElo "1958"]
[TimeControl "180+1"]
[EndTime "10:39:35 PST"]
[Termination "paulrusan won on time"]

1. e4 c5 2. b4 cxb4 3. Bb2 Nf6 4. e5 Nd5 5. a3 bxa3 6. Nxa3 e6 7. Nc4 d6 8. exd6 Bxd6 9. Bxg7 Rg8 10. Bb2 Nc6 11.
Nf3 Be7 12. g3 h5 13. h4 b5 14. Nce5 Nxe5 15. Nxe5 Qb6 16. Qxh5 Rf8 17. Bg2 Bb7 18.
O-O Nf6 19. Qe2 Bxg2 20. Kxg2 O-O-O 21. d3 Qb7+ 22. Qf3 Nd5 23. Rfb1 Bd6 24. c4 Nb4 25. Bd4 a6 26. Rxb4 Bxb4 27. Nc6 Bd6 28. Nxd8 Rxd8 29.
cxb5 Qxb5 30. Bf6 Rf8 31. Qa8+ Bb8 32. Rxa6 Qb7+ 33. Qxb7+ Kxb7 34. Ra5 Rd8 35. d4 Rd5 36. Rxd5 exd5 37. h5 Kc6 38. h6 Kd7 39. h7 Ke6 40. h8=Q 1-0

[Event "*** Titled Tuesday Blitz"]
[Site "Chess.com"]
[Date "2021.02.09"]
[Round "4"]
[White "lacafi"]
[Black "jamalm2"]
[Result "1-0"]
[WhiteElo "2215"]
[BlackElo "1927"]
[TimeControl "180+1"]
[EndTime "10:39:35 PST"]
[Termination "lacafi won on time"]

1. d4 d5 2. Nf3 c6 3. e3 Nf6 4. Nbd2 Bf5 5. Be2 e6 6. O-O Bg6 7. b3 Nbd7 8. Bb2 Bd6 9. c4 O-O 10. a3 b6 11. b4 Rc8 12. Qa4 Bb8 13. Rac1 dxc4 14. b5 cxb5 15. Qxb5 Ne4 16. Nxc4 Ndf6 17. Nce5 Rxc1 18. Rxc1 Nd5 19. Nc6 Qd6 20. Nxb8 Qxb8 21. Ne5 Qd8 22. Qc6 Qh4 23. g3 Qf6 24. Bf3 Ng5 25.
Bxd5 Nh3+ 26. Kg2 Qxf2+ 27. Kxh3 exd5 28. Nxg6 hxg6 29. Bc3 Qxe3 30. Re1 Qh6+ 31. Kg2 Qh5 32. Re5 Qd1 33. Bb4 Qd2+ 34. Kh3 1-0

[Event "*** Titled Tuesday Blitz"]
[Site "Chess.com"]
[Date "2021.02.09"]
[Round "4"]
[White "iwanyu"]
[Black "Aygehovit1992"]
[Result "1-0"]
[WhiteElo "2818"]
[BlackElo "2612"]
[TimeControl "180+1"]
[EndTime "10:39:37 PST"]
[Termination "iwanyu won on time"]

1. d4 Nf6 2. Nf3 g6 3. Bf4 Bg7 4. e3 b6 5. h3 Bb7 6. Be2 d6 7. O-O Nbd7 8. c3 O-O 9. a4 a5 10. Nbd2 e6 11. Qc2 Qe7 12. Rfe1 e5 13. dxe5 dxe5 14.
Bg3 e4 15. Nd4 Nc5 16. b4 axb4 17. cxb4 Nd3 18. Bxd3 exd3 19. Qxd3 c5 20. bxc5 bxc5 21. Nb5 Rfd8 22. Qe2 Rxd2 23. Qxd2 Ne4 24. Qe2 Nxg3 25.
fxg3 Bxa1 26. Rxa1 Qe5 27. Qe1 Qb2 28. Qf1 Rd8 29.
Rb1 Qe5 30. Qf2 Bxg2 31. Qxg2 Qxe3+ 32. Qf2 Qe6 33. a5 Qxh3 34. Nc3 Rd3 35. Ne4 Rd4 36. Qf6 Qc8 37. Ng5 Qe8 38. Rb8 Qxb8 39. Qxf7+ 1-0

[Event "*** Titled Tuesday Blitz"]
[Site "Chess.com"]
[Date "2021.02.09"]
[Round "4"]
[White "kekic76"]
[Black "KafkaesqueKnight"]
[Result "0-1"]
[WhiteElo "2370"]
[BlackElo "2122"]
[TimeControl "180+1"]
[EndTime "10:39:37 PST"]
[Termination "KafkaesqueKnight won on time"]

1. e4 c5 2. Nf3 d6 3. d4 cxd4 4. Nxd4 Nf6 5. Nc3 a6 6. Bg5 e6 7. Qd2 h6 8. Bh4 Nxe4 9. Nxe4 Qxh4 10. Bd3 d5 11. Nf3 Qd8 12. Ng3 Nc6 13. O-O Qb6 14. c4 dxc4 15. Bxc4 Bb4 16. Qe2 O-O 17. Nh5 Qc5 18.
Nf4 Nd4 19. Nxd4 Qxd4 20. Nh5 b5 21. Bd3 Bb7 22. Rad1 Qh4 23. g3 Qg5 24. h4 Qc5 25. a3 Qc6 26. f3 Qc5+ 27. Kh2 Qxh5 28. axb4 Rad8 29. Be4 Bd5 30. Rd4 Bc4 31. Rxc4 bxc4 32. Qxc4 Rd2+ 33. Kh3 Qe5 34. b3 Qb2 35. Rh1 Rfd8 36.
Qc7 f5 37. Bb7 Qxb3 38. Bxa6 Qxb4 39. Bc4 Qd6 40. Qa5 f4 41. g4 Qc6 0-1

[Event "*** Titled Tuesday Blitz"]
[Site "Chess.com"]
[Date "2021.02.09"]
[Round "4"]
[White "Ajedrez_con_German"]
[Black "Tactictic"]
[Result "0-1"]
[WhiteElo "2590"]
[BlackElo "2428"]
[TimeControl "180+1"]
[EndTime "10:39:38 PST"]
[Termination "Tactictic won by checkmate"]

1. c4 Nf6 2. g3 e6 3. Bg2 d5 4. Nf3 dxc4 5. Qa4+ Bd7 6. Qxc4 c5 7. Ne5 Qc8 8. Nxd7 Qxd7 9. O-O Nc6 10. d3 Be7 11. Nc3 O-O 12. Be3 Rac8 13. Rfd1 Nd4 14. a4 Rfd8 15. Bf1 Ng4 16. Nb5 Nxe3 17. fxe3 Nf5 18.
Qf4 h6 19. e4 Bg5 20. Qf3 Ne3 21. Rdc1 a6 22. Nc3 Qd4 23. Kh1 c4 24. h4 Bf6 25.
dxc4 Rxc4 26. Bh3 Qc5 27. Rg1 Bxc3 28. bxc3 Rxc3 29. Qf2 Rd2 30. Qf4 Rxe2 31. Rae1 Rxe1 32. Rxe1 Nc2 33. Rc1 Nd4 34. Rxc3 Qxc3 35. Qb8+ Kh7 36. Qxb7 Qe1+ 37. Kh2 Nf3+ 38. Kg2 Qe2+ 39. Kh1 Qh2# 0-1

[Event "*** Titled Tuesday Blitz"]
[Site "Chess.com"]
[Date "2021.02.09"]
[Round "4"]
[White "eduardoperalta"]
[Black "anantone"]
[Result "1-0"]
[WhiteElo "2402"]
[BlackElo "2576"]
[TimeControl "180+1"]
[EndTime "10:39:38 PST"]
[Termination "eduardoperalta won on time"]

1. d4 Nf6 2. c4 d6 3. Nc3 e5 4. d5 Bf5 5. f3 e4 6. e3 Be7 7. Nge2 exf3 8. gxf3 Nh5 9. e4 Bg6 10.
Be3 Bh4+ 11. Kd2 O-O 12. Rg1 a5 13. Ng3 Bg5 14. Qe1 Bxe3+ 15. Qxe3 Na6 16. Be2 Nxg3 17. hxg3 f5 18. Rae1 Nc5 19. Kc1 fxe4 20. fxe4 Qe7 21. Bd3 Rae8 22. Bc2 Qe5 23. Nb5 Re7 24. g4 a4 25. Nd4 a3 26. bxa3 Rf4 27. Nf5 Bxf5 28. gxf5 Qa1+ 29. Kd2 Nxe4+ 30. Qxe4 Rf2+ 31. Kd3 Rxe4 32. Rxa1 Rff4 33. Bb3 Rd4+ 34. Kc3 Kf7 35. Raf1 Rh4 36.
Rh1 Rhg4 37. Rxh7 Rde4 38. f6 Rg3+ 39. Kb4 1-0

[Event "*** Titled Tuesday Blitz"]
[Site "Chess.com"]
[Date "2021.02.09"]
[Round "4"]
[White "DanilNajdin"]
[Black "GMJustin"]
[Result "1-0"]
[WhiteElo "2471"]
[BlackElo "2288"]
[TimeControl "180+1"]
[EndTime "10:39:38 PST"]
[Termination "DanilNajdin won on time"]

1. e4 e5 2. Nf3 Nc6 3. Nc3 Nf6 4. Bb5 Bb4 5. O-O Bxc3 6. bxc3 O-O 7. Re1 d6 8. d4 Bg4 9. h3 Bh5 10. g4 Bg6 11.
Bg5 h6 12. Bh4 Qe7 13. d5 Nb8 14. Rb1 a6 15. Bd3 b6 16. Qe2 Nbd7 17. Nd2 Nc5 18. f3 Bh7 19. g5 Nh5 20. Kh2 hxg5 21. Bf2 Nf4 22. Qf1 f6 23. Bxc5 bxc5 24. Bxa6 Bg6 25. Rb7 Kf7 26. Reb1 Rh8 27. Bc4 Rxh3+ 28. Qxh3 Nxh3 29.
Kxh3 Qd7+ 30. Kg3 Rh8 31. Nf1 Qh3+ 32. Kf2 Qh4+ 33. Ke2 g4 34. Rxc7+ Kf8 35. Rb8+ Be8 36. Bb5 gxf3+ 37. Kd1 Qh5 38. Rxe8+ Qxe8 39. Bxe8 Kxe8 40. Rc8+ Kf7 41. Rxh8 1-0

[Event "*** Titled Tuesday Blitz"]
[Site "Chess.com"]
[Date "2021.02.09"]
[Round "4"]
[White "Grandmaster1369"]
[Black "Chessbard1972"]
[Result "0-1"]
[WhiteElo "2197"]
[BlackElo "2408"]
[TimeControl "180+1"]
[EndTime "10:39:38 PST"]
[Termination "Chessbard1972 won by checkmate"]

1. e4 c5 2. Nf3 a6 3. d4 cxd4 4. Nxd4 e6 5. Nc3 Nc6 6. Be3 Qc7 7. Be2 Nf6 8. Qd2 Bb4 9. O-O Nxe4 10. Qd3 Nxc3 11. bxc3 Be7 12. f4 f5 13. Nxc6 bxc6 14.
Bd4 O-O 15. Rad1 c5 16. Be5 Qa7 17. Qg3 g6 18. Bh5 Kf7 19. Qh3 Ke8 20. Bf3 Bb7 21.
Qxh7 Bxf3 22. Qxg6+ Kd8 23. Rxf3 Kc8 24. Rfd3 Rd8 25.
Kh1 Qb7 26. Qf7 Bh4 27. Rxd7 Rxd7 28. Qe8+ Bd8 29. Qxe6 Ra7 30. Qxf5 Qc6 31. Re1 Kb7 32. c4 Ka8 33. Bf6 Bxf6 34. Re8+ Bd8 35. h3 Rab7 36.
Qf8 Rb8 37. f5 Rd2 38. Qg8 Rd1+ 39. Kh2 Bc7+ 40. g3 Qh1# 0-1